 Dungeon Crawl Stone Soup version 0.28.0-45-g0d030f2227 (webtiles) character file.

Game seed: 1542464681292625622

88 MalarOregon the Skirmisher (level 4, -5/37 HPs)
             Began as a Palentonga Fighter on Apr 21, 2022.
             Slain by an ogre
             ... wielding a +0 giant club
              (16 damage)
             ... on level 5 of the Dungeon.
             The game lasted 00:05:05 (1184 turns).

MalarOregon the Skirmisher (Palentonga Fighter)     Turns: 1184, Time: 00:05:05

Health: -5/37      AC:  6    Str: 19    XL:     4   Next: 30%
Magic:  5/5        EV:  7    Int: 10    God:
Gold:   46         SH:  4    Dex: 10    Spells: 2/5 levels left

rFire   . . .      SeeInvis +   b - +0 hunting sling
rCold   . . .      Faith    .   c - +0 buckler
rNeg    . . .      Spirit   .   g - +0 scale mail
rPois   .          Reflect  .   (no helmet)
rElec   .          Harm     .   (no cloak)
rCorr   .          Rampage  .   (no gloves)
Will    .....                   (no barding)
Stlth   ..........              (no amulet)
HPRegen 0.12/turn               (no ring)
MPRegen 0.09/turn               (no ring)

@: no status effects
A: large, rugged brown scales 3, see invisible, deformed body, roll 1, armoured
tail
a: Rolling Charge


You were on level 5 of the Dungeon.
You visited 1 branch of the dungeon, and saw 4 of its levels.

You collected 46 gold pieces.


Innate Abilities, Weirdness & Mutations

You are completely covered in rugged brown scales. (AC +3, +7% HP)
You have supernaturally acute eyesight. (SInv)
Armour fits poorly on your strangely shaped body.
You can roll at nearby foes to attack.
You have a long armoured tail.


   Skills:
 + Level 3.5 Fighting
 + Level 2.7 Maces & Flails
 + Level 2.9 Armour
 + Level 2.9 Shields
 + Level 1.0 Spellcasting
 + Level 0.0 Conjurations
 + Level 0.0 Hexes


You had 2 spell levels left.
You knew the following spells:

 Your Spells              Type           Power      Damage    Failure   Level
a - Dazzling Flash        Conj/Hex       0%         N/A       98%         3

Your spell library contained the following spells:

 Spells                   Type           Power      Damage    Failure   Level
 Iskenderun's Mystic Bla  Conj/Tloc      0%         2d3       100%        4
 Starburst                Conj/Fire      0%         6d3       100%        6

Inventory:

Hand Weapons
 a - a +0 flail of flaming
 b - a +0 hunting sling (weapon)
   (You found it on level 5 of the Dungeon)
Missiles
 h - 28 sling bullets (quivered ammo)
Armour
 c - a +0 buckler (worn)
 g - a +0 scale mail (worn)
Magical Staves
 f - a staff of poison
   (You found it on level 1 of the Dungeon)
Potions
 e - 2 potions of lignification {unknown}

Dungeon Overview and Level Annotations

Branches:
Dungeon (5/15)
 Temple: D:4-7

Altars:
Yredelemnul

Annotations:
D:4 Blork the orc

.# ##.##.# .#
#.##.# .# #.##.#
.# #.##.#
.############.##.#
........).....##.#
.#.#############.#
.#.# #.# .#.#
########@# .#.#
#......O.# .#.#
#.######## .#.#
#.# .#.######.#
.#>.......#
###########


You could see an ogre.


Message History

h - 28 sling bullets Your +0 flail of flaming stops flaming.
g - a +0 hunting sling (weapon)
A scorpion zombie comes into view.
You shoot a sling bullet.
The sling bullet completely misses the scorpion zombie.
You shoot a sling bullet.
The sling bullet barely misses the scorpion zombie.
You shoot a sling bullet.
The sling bullet hits the scorpion zombie but does no damage.
You shoot a sling bullet.
The sling bullet barely misses the scorpion zombie.
Your +0 flail of flaming bursts into flame!
a - a +0 flail of flaming (weapon)
The scorpion zombie hits you but does no damage.
You hit the scorpion zombie. You burn the scorpion zombie.
You tail-slap the scorpion zombie! The scorpion zombie barely misses you.
You hit the scorpion zombie. You burn the scorpion zombie.
The scorpion zombie hits you.
You hit the scorpion zombie. You burn the scorpion zombie.
The scorpion zombie barely misses you.
You hit the scorpion zombie. You burn the scorpion zombie.
The scorpion zombie hits you.
The scorpion zombie hits you but does no damage.
You hit the scorpion zombie. You burn the scorpion zombie.
The scorpion zombie barely misses you.
You hit the scorpion zombie. You burn the scorpion zombie.
You destroy the scorpion zombie!
You start resting.
A bullfrog zombie comes into view.
Adjust (i)tems, (s)pells, or (a)bilities?
g - a +0 hunting sling Adjust to which letter? (? for menu, Esc to quit)
b - a +0 hunting sling;
g - a +0 scale mail (worn)
Your +0 flail of flaming stops flaming.
b - a +0 hunting sling (weapon)
You shoot a sling bullet.
The sling bullet hits the bullfrog zombie!
You shoot a sling bullet.
The sling bullet barely misses the bullfrog zombie.
You shoot a sling bullet.
The sling bullet hits the bullfrog zombie!
The bullfrog zombie hits you but does no damage.
Your +0 flail of flaming bursts into flame!
a - a +0 flail of flaming (weapon)
You barely miss the bullfrog zombie.
The bullfrog zombie hits you but does no damage.
You block the bullfrog zombie's attack.
You sock the bullfrog zombie! You burn the bullfrog zombie.
The bullfrog zombie hits you. x2
You hit the bullfrog zombie. You burn the bullfrog zombie.
You destroy the bullfrog zombie!
Your Spellcasting skill increases to level 1!
You have reached level 4!
You feel agile.
This spell is potentially lethal to cast!
Memorise Dazzling Flash, consuming 3 spell levels and leaving 2?
You start memorising the spell.
You continue memorising. x3
You finish memorising.
Spell assigned to 'a'.
Okay, then.
Unknown command.
Unknown command.
h - 22 sling bullets (gained 1)
h - 23 sling bullets (gained 1)
h - 27 sling bullets (gained 4)
h - 28 sling bullets (gained 1)
Found a basalt altar of Yredelemnul.
Your +0 flail of flaming stops flaming.
b - a +0 hunting sling (weapon)
Found a hunting sling.
You see here a +0 hunting sling.
Found 13 stones.
You open the door.
An ogre comes into view. It is wielding a +0 giant club.
You see here a +0 hunting sling.
Throw: 3 darts (poison)
Press: ? - help, Q - select action, (/) - cycle Shift-Dir - straight line, f - ogre
Aim: an ogre, wielding a +0 giant club (72% to hit)
You throw a poisoned dart. The poisoned dart hits the ogre.
Throw: 2 darts (poison)
Press: ? - help, Q - select action, (/) - cycle Shift-Dir - straight line, f/p - ogre
Aim: an ogre, wielding a +0 giant club (72% to hit)
You throw a poisoned dart. The poisoned dart hits the ogre.
The ogre is poisoned.
The ogre hits you with a +0 giant club.
The ogre looks more healthy.
Throw: dart (poison)
Press: ? - help, Q - select action, (/) - cycle Shift-Dir - straight line, f/p - ogre
Aim: an ogre, wielding a +0 giant club (moderately wounded, 72% to hit)
You throw a poisoned dart. The poisoned dart hits the ogre.
The ogre hits you with a +0 giant club!!
Ouch! That really hurt!
* * * LOW HITPOINT WARNING * * *
You hear an angry hiss.
An adder comes into view.
Found a steaming hand axe.
Found a stone staircase leading down.
You see here the +7 hand axe of Greatest Utility {vorpal, *Corrode rPois Str+7 Stlth+}.
The ogre hits you with a +0 giant club!
You die...

Skill      XL: |  1  2  3 |
---------------+----------+-----
Spellcasting   | 1 |  1.0
Fighting       | |  3.5
Maces & Flails | |  2.7
Armour         | |  2.9
Shields        | |  2.9

Action                   |  1- 3 |  4- 6 || total
-------------------------+-------+-------++-------
Melee: Flail             |    77 |       ||    77
       Tailslap          |     6 |       ||     6
 Fire: Hunting sling     |     7 |       ||     7
Throw: Dart              |       |     3 ||     3
  Use: Scroll            |     1 |       ||     1
       Potion            |     1 |       ||     1
Armor: Scale mail        |    37 |       ||    37
Dodge: Dodged            |    26 |       ||    26
Block: Buckler           |    15 |       ||    15

Levels and vault maps discovered:
D:1:      scummos_arrival_simple_fountains, layout_basic, minmay_pentomino_q2
D:2:      layout_loops_ring, shapermc_ecumenical_altar_hornbeckon, uniq_natasha,
          uniq_terence, uniq_crazy_yiuf_cottage
D:4:      layout_basic, uniq_blork_the_orc
D:5:      layout_loops_ring, mainiacjoe_overflow_concentric_impassable,
          nemelex_dance_club_becter, nicolae_ashenzari_skybound,
          lightli_temple_of_fire, uniq_ijyb

Notes
Turn   | Place    | Note
-------+----------+-------------------------------------------
     0 | D:1      | MalarOregon the Palentonga Fighter began the quest for the
                  | Orb.
     0 | D:1      | Reached XP level 1. HP: 19/19 MP: 1/1
   148 | D:1      | Reached XP level 2. HP: 25/25 MP: 2/2
   421 | D:1      | You pick up a book of Spectacle and begin reading...
   421 | D:1      | You add the spells Dazzling Flash, Iskenderun's Mystic
                  | Blast and Starburst to your library.
   672 | D:1      | Reached XP level 3. HP: 30/31 MP: 3/3
   805 | D:2      | You fall into a shaft and drop 2 floors!
   825 | D:4      | Noticed Blork the orc
   845 | D:5      | Entered Level 5 of the Dungeon
   939 | D:5      | Reached skill level 1 in Spellcasting
   939 | D:5      | Reached XP level 4. HP: 27/37 MP: 3/5
   943 | D:5      | Learned a level 3 spell: Dazzling Flash
  1032 | D:5      | Found a basalt altar of Yredelemnul.
  1075 | D:5      | Noticed an ogre
  1105 | D:5      | HP: 1/37 [ogre/+0 giant club (32)]
  1156 | D:5      | Identified the +7 hand axe of Greatest Utility {vorpal,
                  | *Corrode rPois Str+7 Stlth+}
  1184 | D:5      | Slain by an ogre

Vanquished Creatures
  A bullfrog zombie (D:5)
  A scorpion zombie (D:5)
  2 bats (D:1)
  4 endoplasms (D:1)
  7 goblins (D:1)
  3 hobgoblins (D:1)
  A quokka (D:1)
  3 ball pythons
  2 frilled lizards (D:1)
  5 kobolds
29 creatures vanquished.

Table legend:
 A = Non-vault XP
 B = Vault XP
 C = Vault XP percentage of total XP
 D = Non-vault monster count
 E = Vault monster count
 F = Vault count percentage of total count
                 A         B        C        D         E       F
            +---------+---------+-------+---------+---------+-------
      Total |     124 |       3 |   2.4 |      27 |       2 |   6.9
            +---------+---------+-------+---------+---------+-------
        D:1 |      38 |       3 |   7.3 |      23 |       2 |   8.0
        D:4 |       2 |       0 |   0.0 |       2 |       0 |   0.0
        D:5 |      84 |       0 |   0.0 |       2 |       0 |   0.0
            +---------+---------+-------+---------+---------+-------

Illustrated notes

Table legend:
 A = Kills in this place as a percentage of kills in entire the game.
 B = Kills by you in this place as a percentage of kills by you in the entire game.
 C = Kills by friends in this place as a percentage of kills by friends in the entire game.
 D = Other kills in this place as a percentage of other kills in the entire game.
 E = Experience gained in this place as a percentage of experience gained in the entire game.
 F = Experience gained in this place divided by the number of levels of this place that you have seen.
                   A       B       C       D       E      F
               +-------+-------+-------+-------+-------+----------------------
         Total | 100.0 | 100.0 |   N/A |   N/A | 100.0 |  31.8
       Dungeon | 100.0 | 100.0 |   N/A |   N/A | 100.0 |  31.8
               +-------+-------+-------+-------+-------+----------------------

Table legend: (Time is in decaauts)
 A = Elapsed time spent in this place.
 B = Non-inter-level travel time spent in this place.
 C = Inter-level travel time spent in this place.
 D = Time resting spent in this place.
 E = Time spent auto-exploring this place.
 F = Levels seen in this place.
 G = Mean time per level.
                   A        B        C        D        E       F      G
               +--------+--------+--------+--------+--------+-----+--------+
         Total |   1206 |   1179 |     27 |     51 |    772 |   4 |  301.5 |
       Dungeon |   1206 |   1179 |     27 |     51 |    772 |   4 |  301.5 |
               +--------+--------+--------+--------+--------+-----+--------+

Top non-repeatable levels by time:
     D:1: 824 daAuts
     D:5: 340 daAuts
     D:4: 40 daAuts
